PBL
HOUSTON ASTROS @ TEXAS RANGERS
09/30/2070
 
TOP OF THE 1ST
Houston Astros batting - Pitching for Texas Rangers : RHP Bartolo Hernández
Pitching: RHP Bartolo Hernández
Batting: RHB Sukenobu Taneda 0-0: Ball
1-0: Ground out 6-3 (Groundball, 6, EV 100.0 MPH)
Batting: LHB Emiel Vonhof 0-0: SOLO HOME RUN (Flyball, 8LXD, EV 103.1 MPH), Distance : 407 ft
Batting: RHB Jin Daikawa 0-0: Ball
1-0: Ball
2-0: Called Strike
2-1: Swinging Strike
2-2: Ball
3-2: DOUBLE (Flyball, 8RXD, EV 95.0 MPH)
Batting: LHB Trevor Burt 0-0: Called Strike
0-1: Ball
1-1: Swinging Strike
1-2: Ball
2-2: Foul Ball, location: 7LMF
2-2: Ground out 6-3 (Groundball, 56D, EV 98.1 MPH)
Batting: LHB Cal Dascenzo 0-0: Ball
1-0: Fly out, F9 (Flyball, 9S, EV 90.6 MPH)
Top of the 1st over - 1 run, 2 hits, 0 errors, 1 left on base; Houston 1 - Texas 0
BOTTOM OF THE 1ST
Texas Rangers batting - Pitching for Houston Astros : RHP António Velásquez
Pitching: RHP António Velásquez
Batting: LHB Ken'ichi Matsuura 0-0: Called Strike
0-1: Ball
1-1: Swinging Strike
1-2: Strikes out swinging
Batting: SHB Cary Mench 0-0: Ball
1-0: Ball
2-0: Called Strike
2-1: Ball
3-1: Base on Balls
Batting: LHB Noburo Oike 0-0: Foul Ball, location: 2F
0-1: Foul Ball, location: 2F
0-2: Strikes out swinging
Batting: LHB Michael Gutiérrez 0-0: Foul Ball, location: 25FF
0-1: Fly out, F8 (Flyball, 8LM, EV 91.9 MPH)
Bottom of the 1st over - 0 runs, 0 hits, 0 errors, 1 left on base; Houston 1 - Texas 0
TOP OF THE 2ND
Houston Astros batting - Pitching for Texas Rangers : RHP Bartolo Hernández
Batting: RHB Arturo Becerra 0-0: Called Strike
0-1: Swinging Strike
0-2: Strikes out looking
Batting: LHB Francisco González 0-0: Called Strike
0-1: Foul Ball, location: 3F
0-2: Ball
1-2: Strikes out swinging
Batting: RHB Chris Martínez 0-0: Ball
1-0: Called Strike
1-1: Ball
2-1: Ball
3-1: SINGLE (Groundball, 6MD, EV 111.3 MPH)
Batting: RHB Tony Barrosa 0-0: Fly out, F7 (Flyball, 78S, EV 91.3 MPH)
Top of the 2nd over - 0 runs, 1 hit, 0 errors, 1 left on base; Houston 1 - Texas 0
BOTTOM OF THE 2ND
Texas Rangers batting - Pitching for Houston Astros : RHP António Velásquez
Batting: LHB Bill Smith 0-0: DOUBLE (Line Drive, 9LM, EV 105.0 MPH)
Batting: RHB Anadhrishya Venktesh 0-0: Ball
1-0: Ball
2-0: Swinging Strike
2-1: SINGLE (Groundball, 6MD, EV 98.8 MPH)
Bill Smith to third
Runner from 3rd tries for Home, SAFE, throw by CF to home
Batting: RHB Richard Kinney 0-0: Ball
1-0: Foul Ball, location: 2F
1-1: Swinging Strike
1-2: Foul Ball, location: 9LMF
1-2: Ball
2-2: Grounds into double play, 6-4-3 (Groundball, 6, EV 105.6 MPH)
Batting: SHB Walton Ward 0-0: Called Strike
0-1: Ball
1-1: Called Strike
1-2: Foul Ball, location: 2F
1-2: Fly out, F7 (Flyball, 78M, EV 96.3 MPH)
Bottom of the 2nd over - 1 run, 2 hits, 0 errors, 0 left on base; Houston 1 - Texas 1
TOP OF THE 3RD
Houston Astros batting - Pitching for Texas Rangers : RHP Bartolo Hernández
Batting: RHB Sukenobu Taneda 0-0: Ball
1-0: Swinging Strike
1-1: Called Strike
1-2: Foul Ball, location: 2F
1-2: Foul Ball, location: 25FF
1-2: Ball
2-2: Ground out 6-3 (Groundball, 6, EV 98.8 MPH)
Batting: LHB Emiel Vonhof 0-0: Foul Ball, location: 23FF
0-1: Ground out 4-3 (Groundball, 34D, EV 109.4 MPH)
Batting: RHB Jin Daikawa 0-0: Called Strike
0-1: Foul Ball, location: 9LDF
0-2: Ball
1-2: Ball
2-2: Fly out, F8 (Flyball, 8LS, EV 88.8 MPH)
Top of the 3rd over - 0 runs, 0 hits, 0 errors, 0 left on base; Houston 1 - Texas 1
BOTTOM OF THE 3RD
Texas Rangers batting - Pitching for Houston Astros : RHP António Velásquez
Batting: LHB Claudio Valenzuela 0-0: DOUBLE (Flyball, 78D, EV 103.1 MPH)
Batting: LHB Ken'ichi Matsuura 0-0: Reached on error, E3 (Groundball, 3L, EV 86.3 MPH)
Batting: SHB Cary Mench 0-0: Foul Ball, location: 5F
0-1: Ball
1-1: Fly out, F8 (Flyball, 78D, EV 91.3 MPH)
Batting: LHB Noburo Oike 0-0: Called Strike
0-1: Foul Ball, location: 23FF
0-2: Ball
1-2: Foul Ball, location: 2F
1-2: Foul Ball, location: 25F
1-2: Fly out, F5 (Popup, 56, EV 71.3 MPH)
Batting: LHB Michael Gutiérrez 0-0: Foul Ball, location: 7LSF
0-1: Foul Ball, location: 3DF
0-2: Ground out 4-3 (Groundball, 4, EV 88.8 MPH)
Bottom of the 3rd over - 0 runs, 1 hit, 1 error, 2 left on base; Houston 1 - Texas 1
TOP OF THE 4TH
Houston Astros batting - Pitching for Texas Rangers : RHP Bartolo Hernández
Batting: LHB Trevor Burt 0-0: Swinging Strike
0-1: SINGLE (Groundball, 3D, EV 98.1 MPH)
Batting: LHB Cal Dascenzo 0-0: SINGLE (Line Drive, 7S, EV 110.0 MPH)
Trevor Burt to second
Batting: RHB Arturo Becerra 0-0: SINGLE (Groundball, 34, EV 79.4 MPH) (infield hit)
Trevor Burt to third
Cal Dascenzo to second
Batting: LHB Francisco González 0-0: Called Strike
0-1: Grounds into double play, 4-6-3 (Groundball, 4M, EV 78.1 MPH)
Trevor Burt scores
Cal Dascenzo to third
Batting: RHB Chris Martínez 0-0: Called Strike
0-1: Called Strike
0-2: Ground out 4-3 (Groundball, 4, EV 83.8 MPH)
Top of the 4th over - 1 run, 3 hits, 0 errors, 1 left on base; Houston 2 - Texas 1
BOTTOM OF THE 4TH
Texas Rangers batting - Pitching for Houston Astros : RHP António Velásquez
Batting: LHB Bill Smith 0-0: Foul Ball, location: 7LSFF
0-1: Fly out, F9 (Flyball, 9, EV 80.6 MPH)
Batting: RHB Anadhrishya Venktesh 0-0: Ball
1-0: Called Strike
1-1: Called Strike
1-2: Foul Ball, location: 3FF
1-2: Fly out, F2 (Popup, 15S, EV 93.1 MPH)
Batting: RHB Richard Kinney 0-0: Ball
1-0: Foul Ball, location: 9LDF
1-1: Ground out 6-3 (Groundball, 6, EV 90.0 MPH)
Bottom of the 4th over - 0 runs, 0 hits, 0 errors, 0 left on base; Houston 2 - Texas 1
TOP OF THE 5TH
Houston Astros batting - Pitching for Texas Rangers : RHP Bartolo Hernández
Batting: RHB Tony Barrosa 0-0: Ball
1-0: SINGLE (Groundball, 4MD, EV 100.6 MPH)
Batting: RHB Sukenobu Taneda 0-0: Swinging Strike
0-1: Ball
1-1: Ball
2-1: Fly out, F4 (Line Drive, 4, EV 72.5 MPH)
Batting: LHB Emiel Vonhof 0-0: Called Strike
0-1: Fielders Choice at 2nd, 3-6 (Groundball, 3, EV 85.6 MPH)
Batting: RHB Jin Daikawa 0-0: Ground out 6-3 (Groundball, 6S, EV 94.4 MPH)
Top of the 5th over - 0 runs, 1 hit, 0 errors, 1 left on base; Houston 2 - Texas 1
BOTTOM OF THE 5TH
Texas Rangers batting - Pitching for Houston Astros : RHP António Velásquez
Batting: SHB Walton Ward 0-0: Ball
1-0: Ball
2-0: SINGLE (Groundball, P, EV 90.6 MPH) (infield hit)
Batting: LHB Claudio Valenzuela 0-0: Ball
1-0: SINGLE (Groundball, 4MD, EV 98.8 MPH)
Walton Ward to second
Batting: LHB Ken'ichi Matsuura 0-0: Ball
1-0: Ball
2-0: Ball
3-0: Called Strike
3-1: Base on Balls
Walton Ward to third
Claudio Valenzuela to second
Batting: SHB Cary Mench 0-0: Called Strike
0-1: Ball
1-1: Fly out, F7 (Flyball, 7LD, EV 100.0 MPH)
Runner from 3rd tags up, SCORES, no throw by LF
Batting: LHB Noburo Oike 0-0: Foul Ball, location: 3FF
0-1: Ball
1-1: Fly out, F9 (Line Drive, 9LM, EV 105.6 MPH)
Batting: LHB Michael Gutiérrez 0-0: Ball
1-0: Fly out, F9 (Flyball, 89D, EV 105.6 MPH)
Bottom of the 5th over - 1 run, 2 hits, 0 errors, 2 left on base; Houston 2 - Texas 2
TOP OF THE 6TH
Houston Astros batting - Pitching for Texas Rangers : RHP Bartolo Hernández
Batting: LHB Trevor Burt 0-0: Ball
1-0: Foul Ball, location: 5F
1-1: Foul Ball, location: 2F
1-2: Fly out, F8 (Flyball, 78M, EV 88.8 MPH)
Batting: LHB Cal Dascenzo 0-0: Foul Ball, location: 2F
0-1: Swinging Strike
0-2: Ball
1-2: Strikes out looking
Batting: RHB Arturo Becerra 0-0: Ball
1-0: Ball
2-0: Ball
3-0: Called Strike
3-1: Foul Ball, location: 2F
3-2: Foul Ball, location: 2F
3-2: Fly out, F8 (Flyball, 8RD, EV 108.1 MPH)
Top of the 6th over - 0 runs, 0 hits, 0 errors, 0 left on base; Houston 2 - Texas 2
BOTTOM OF THE 6TH
Texas Rangers batting - Pitching for Houston Astros : RHP António Velásquez
Batting: LHB Bill Smith 0-0: Ball
1-0: Called Strike
1-1: Foul Ball, location: 7LSF
1-2: Ball
2-2: Ball
3-2: Base on Balls
Batting: RHB Anadhrishya Venktesh 0-0: Foul Ball, location: 9LDF
0-1: SINGLE (Groundball, 4MD, EV 97.5 MPH)
Bill Smith to second
Batting: RHB Richard Kinney 0-0: Foul Ball, location: 23FF
0-1: Ball
1-1: Swinging Strike
1-2: SINGLE (Line Drive, 9S, EV 93.1 MPH)
Bill Smith to third
Anadhrishya Venktesh to second
Batting: SHB Walton Ward 0-0: Grounds into fielders choice 5-2 (Groundball, 25, EV 64.4 MPH)
Anadhrishya Venktesh to third
Richard Kinney to second
Batting: LHB Claudio Valenzuela 0-0: Ball
1-0: Ball
2-0: Foul Ball, location: 3DF
2-1: Ball
3-1: Called Strike
3-2: Foul Ball, location: 5F
3-2: Base on Balls
Anadhrishya Venktesh scores
Richard Kinney to third
Walton Ward to second
Batting: LHB Ken'ichi Matsuura 0-0: Foul Ball, location: 7LMF
0-1: SINGLE (Line Drive, 8LS, EV 93.1 MPH)
Richard Kinney scores
Walton Ward to third
Claudio Valenzuela to second
Pitching: RHP Jorge Rodríguez
Batting: SHB Cary Mench 0-0: Swinging Strike
0-1: Ball
1-1: Called Strike
1-2: Ball
2-2: Strikes out swinging
Pitching: LHP Pete Samson
Batting: LHB Noburo Oike 0-0: Ball
1-0: Called Strike
1-1: Swinging Strike
1-2: Strikes out looking
Bottom of the 6th over - 2 runs, 3 hits, 0 errors, 3 left on base; Houston 2 - Texas 4
TOP OF THE 7TH
Houston Astros batting - Pitching for Texas Rangers : RHP Bartolo Hernández
Batting: LHB Francisco González 0-0: Ball
1-0: Ground out 4-3 (Groundball, 4, EV 78.1 MPH)
Batting: RHB Chris Martínez 0-0: Foul Ball, location: 2F
0-1: Swinging Strike
0-2: Fly out, F7 (Flyball, 7LM, EV 94.4 MPH)
Batting: RHB Tony Barrosa 0-0: Ball
1-0: Ground out 4-3 (Groundball, 4, EV 90.6 MPH)
Top of the 7th over - 0 runs, 0 hits, 0 errors, 0 left on base; Houston 2 - Texas 4
BOTTOM OF THE 7TH
Texas Rangers batting - Pitching for Houston Astros : LHP Pete Samson
Batting: LHB Michael Gutiérrez 0-0: Ball
1-0: SINGLE (Groundball, 4, EV 81.3 MPH)
Batting: LHB Bill Smith
Batting: RHB José Acosta 0-0: Ball
1-0: Foul Ball, location: 2F
1-1: SINGLE (Line Drive, 8RS, EV 101.9 MPH)
Michael Gutiérrez to second
Batting: RHB Anadhrishya Venktesh 0-0: Called Strike
0-1: Called Strike
0-2: Grounds into double play, 4-6-3 (Groundball, 4, EV 107.5 MPH)
Michael Gutiérrez to third
Batting: RHB Richard Kinney 0-0: Ball
1-0: Ball
2-0: Called Strike
2-1: Swinging Strike
2-2: Strikes out swinging
Bottom of the 7th over - 0 runs, 2 hits, 0 errors, 1 left on base; Houston 2 - Texas 4
TOP OF THE 8TH
Houston Astros batting - Pitching for Texas Rangers : RHP Bartolo Hernández
Batting: RHB Sukenobu Taneda 0-0: Ball
1-0: Ball
2-0: Swinging Strike
2-1: Foul Ball, location: 7LSFF
2-2: Fly out, F7 (Flyball, 78M, EV 88.8 MPH)
Pitching: RHP Tyler Long
Batting: LHB Emiel Vonhof 0-0: Ball
1-0: Called Strike
1-1: Foul Ball, location: 9LMF
1-2: Fly out, F5 (Popup, 25, EV 85.0 MPH)
Batting: RHB Jin Daikawa 0-0: Ball
1-0: SINGLE (Line Drive, 9S, EV 106.9 MPH)
Batting: LHB Trevor Burt 0-0: Fly out, F9 (Flyball, 9S, EV 88.8 MPH)
Top of the 8th over - 0 runs, 1 hit, 0 errors, 1 left on base; Houston 2 - Texas 4
BOTTOM OF THE 8TH
Texas Rangers batting - Pitching for Houston Astros : LHP Pete Samson
Batting: SHB Walton Ward 0-0: Called Strike
0-1: Ball
1-1: Ball
2-1: Ball
3-1: Base on Balls
Batting: LHB Claudio Valenzuela 0-0: Ball
1-0: Ball
2-0: Foul Ball, location: 2F
2-1: Foul Ball, location: 2RF
2-2: Strikes out swinging
Batting: LHB Ken'ichi Matsuura 0-0: Called Strike
0-1: Ball
1-1: Fielders Choice at 2nd, 6-4 (Groundball, 6, EV 100.6 MPH)
Batting: SHB Cary Mench 0-0: Called Strike
0-1: Swinging Strike
0-2: Fly out, F3 (Popup, 23, EV 76.9 MPH)
Bottom of the 8th over - 0 runs, 0 hits, 0 errors, 1 left on base; Houston 2 - Texas 4
TOP OF THE 9TH
Houston Astros batting - Pitching for Texas Rangers : RHP Tyler Long
Pitching: RHP A.J Klein
Batting: LHB Cal Dascenzo 0-0: Ground out 6-3 (Groundball, 6, EV 80.6 MPH)
Batting: RHB Arturo Becerra 0-0: Ball
1-0: Ball
2-0: Called Strike
2-1: Ball
3-1: Base on Balls
Batting: LHB Francisco González 0-0: Ball
1-0: Ground out 4-3 (Groundball, 34, EV 101.9 MPH)
Arturo Becerra to second
Pinch Hitting: LHB Santiago Guillén 0-0: Swinging Strike
0-1: Called Strike
0-2: Strikes out swinging
Top of the 9th over - 0 runs, 0 hits, 0 errors, 1 left on base; Houston 2 - Texas 4
Monday, February 19th , 2024 - OOTP Baseball 24.11 Build 85